 Dungeon Crawl Stone Soup version 0.24-a0-784-g601f8f6d22 (webtiles) character file.

Game seed: 9961252196508383640, levelgen mode: deterministic

320 Kohma the Chopper (level 6, -4/57 HPs)
             Began as a Hill Orc Berserker on Oct 9, 2019.
             Was a Believer of Trog.
             Slain by Blork the orc
             ... wielding a +2 dire flail of venom
              (8 damage)
             ... on level 4 of the Dungeon.
             The game lasted 00:05:28 (2807 turns).

Kohma the Chopper (Hill Orc Berserker)              Turns: 2807, Time: 00:05:28

Health: -4/57      AC:  6    Str: 22    XL:     6   Next: 46%
Magic:  6/6        EV: 10    Int:  7    God:    Trog [**....]
Gold:   106        SH:  0    Dex: 12    Spells: 5/5 levels left

rFire    . . .     SeeInvis .   h - +2 flail (protect)
rCold    . . .     Gourm    .   (no shield)
rNeg     . . .     Faith    .   f - +0 scale mail
rPois    .         Spirit   .   (no helmet)
rElec    .         Reflect  .   (no cloak)
rCorr    .         Harm     .   (no gloves)
MR       .....                  (no boots)
Stlth    ..........             (no amulet)
HPRegen  0.19/turn              l - +2 ring of dexterity
MPRegen  0.10/turn              (no ring)

@: lethally poisoned (-4 -> -37)
A: no striking features
a: Berserk, Trog's Hand, Renounce Religion


You were on level 4 of the Dungeon.
You worshipped Trog.
Trog was pleased with you.
You were not hungry.

You visited 1 branch of the dungeon, and saw 4 of its levels.

You collected 106 gold pieces.

Inventory:

Hand Weapons
 a - a +0 hand axe
 h - a +2 flail of protection (weapon)
Armour
 b - a +0 chain mail
 f - a +0 scale mail (worn)
Jewellery
 l - a +2 ring of dexterity (left hand)
Scrolls
 j - a scroll of teleportation
Potions
 e - a potion of flight
 i - a potion of curing
 m - a potion of lignification
 q - 2 potions of cancellation
Comestibles
 c - 8 rations


   Skills:
 + Level 5.6 Fighting
 * Level 7.9 Axes
 - Level 2.1 Armour
 - Level 1.5 Dodging


You had 5 spell levels left.
You didn't know any spells.
Your spell library was empty.

Dungeon Overview and Level Annotations

Branches:
Dungeon (4/15)
 Temple: D:4-7

Altars:
Dithmenos
Hepliaklqana
Kikubaaqudgha
Makhleb
Qazlal

Annotations:
D:4 Blork the orc


Message History

You are lethally poisoned!
You are too injured to fight recklessly!
You are too injured to fight recklessly!
You feel very sick.
You hear some strange, mumbled words.
A puff of frost appears from out of thin air!
The puff of frost hits you.
You are too injured to fight recklessly!
You are too injured to fight recklessly!
Your scale mail prevents you from hitting something.
* * * LOW HITPOINT WARNING * * *
You feel very sick. Something hits you!
* * * LOW HITPOINT WARNING * * *
You are more poisoned.
You miss something.
* * * LOW HITPOINT WARNING * * *
You feel very sick. Something hits you!
You die...

*,* #<..........#,,,,,,,,,* *,*
#.#########.#,,,,,,,,,**
*,#######.# *,*,,,,,,,,,,,
*,#.......#********,****,,,,,,,,
*,#.......+,,,,,,,*,* *,,,,,,,,
*,#.......#******,*+###*,,,,,,,,
*,#.......# *,.....*,,,,,,,,
*,#.......#######......***,,,,,,
*,#.........og.@.......*,,,,,,,,
*,#.##......g####......*,,,,,*,,
*,#.*#...%...# *,.....*,,,,,*,,
*,*,##.......#***,*.#+#***+*,*,,
*,*,#........+,,,,,,..,,,*,*,*,,
*,*,#........#***,*,*.#*,*,*,*,,
*,*,#......$.#*,,,,,,,.,,,,*,*,,
*,*,##+##....#*,*,*,*,**,***,*,,
**,*,**,*#.####*,*,*,*,,,,,,*,***


You could see an orc, a hobgoblin and a goblin.

Vanquished Creatures
  Grinder (D:3)
  Terence (D:2)
  3 gnolls (D:2)
  7 dart slugs
  4 orcs (D:3)
  A ball python (D:3)
  5 bats
  3 giant cockroaches
  5 goblins
  7 hobgoblins
  8 jackals
  2 quokkas
  2 frilled lizards
  3 kobolds
  6 rats
58 creatures vanquished.

Vanquished Creatures (others)
  A bat (D:1)
1 creature vanquished.

Grand Total: 59 creatures vanquished

Notes
Turn   | Place    | Note
-------+----------+-------------------------------------------
     0 | D:1      | Kohma the Hill Orc Berserker began the quest for the Orb.
     0 | D:1      | Reached XP level 1. HP: 19/19 MP: 1/1
   164 | D:1      | Reached XP level 2. HP: 22/27 MP: 2/2
   440 | D:1      | Reached skill level 5 in Axes
   472 | D:1      | Reached XP level 3. HP: 16/33 MP: 3/3
   901 | D:1      | Reached ** piety under Trog
  1327 | D:2      | Noticed Terence
  1345 | D:2      | Killed Terence
  1345 | D:2      | Reached XP level 4. HP: 41/41 MP: 4/4
  1367 | D:2      | Found a stormy altar of Qazlal.
  1800 | D:2      | Reached skill level 6 in Axes
  2326 | D:3      | Noticed Grinder
  2333 | D:3      | Reached XP level 5. HP: 31/47 MP: 5/5
  2393 | D:3      | Killed Grinder
  2393 | D:3      | Reached skill level 5 in Fighting
  2393 | D:3      | Reached skill level 7 in Axes
  2393 | D:3      | Reached XP level 6. HP: 43/56 MP: 6/6
  2642 | D:3      | Found a burning altar of Makhleb.
  2644 | D:3      | Found an ancient bone altar of Kikubaaqudgha.
  2645 | D:3      | Found a hazy altar of Hepliaklqana.
  2645 | D:3      | Found a shadowy altar of Dithmenos.
  2778 | D:4      | Noticed Blork the orc
  2807 | D:4      | Slain by Blork the orc

Levels and vault maps discovered:
D:1:      nzn_arrival_settlement, layout_loops_ring
D:2:      layout_loops_ring, grunt_qazlal_clouds, roderic_serpentine_path,
          uniq_terence
D:3:      layout_rooms, chequers_temple_overflow_statue_of_worship, uniq_grinder
D:4:      layout_basic, serial_shops, kennysheep_little_box, uniq_blork_the_orc,
          uniq_robin, uniq_natasha

Skill      XL: |  1  2  3  4  5 |
---------------+----------------+-----
Fighting       | 4 5 |  5.6
Axes           | 5 6 7 |  7.9
Armour         | |  2.1
Dodging        | |  1.5

Action                   |  1- 3 |  4- 6 || total
-------------------------+-------+-------++-------
Melee: Hand axe          |    94 |       ||    94
       Flail             |       |    91 ||    91
Invok: Berserk           |     1 |     1 ||     2
       Trog's Hand       |       |     1 ||     1
  Use: Scroll            |       |    10 ||    10
  Eat: Chunk             |     1 |     7 ||     8
Armor: Animal skin       |    13 |       ||    13
       Scale mail        |     2 |    53 ||    55
Dodge: Dodged            |    42 |    73 ||   115

Table legend:
 A = Non-vault XP
 B = Vault XP
 C = Vault XP percentage of total XP
 D = Non-vault monster count
 E = Vault monster count
 F = Vault count percentage of total count
                 A         B        C        D         E       F
            +---------+---------+-------+---------+---------+-------
      Total |     155 |     303 |  66.2 |      56 |       2 |   3.4
            +---------+---------+-------+---------+---------+-------
        D:1 |      56 |       0 |   0.0 |      24 |       0 |   0.0
        D:2 |      56 |      36 |  39.1 |      12 |       1 |   7.7
        D:3 |      41 |     267 |  86.7 |      19 |       1 |   5.0
        D:4 |       2 |       0 |   0.0 |       1 |       0 |   0.0
            +---------+---------+-------+---------+---------+-------
